 Dungeon Crawl Stone Soup version 0.26-a0-812-g31a745ddcd (webtiles) character file.

Game seed: 9655071088482291465

28877 Flubbersnuff the Cleaver (level 13, -5/122 HPs)
             Began as a Minotaur Fighter on Dec 8, 2020.
             Was the Champion of Okawaru.
             Slain by a hog (13 damage)
             ... led by Kirke
             ... on level 3 of the Lair of Beasts.
             The game lasted 00:54:42 (17281 turns).

Flubbersnuff the Cleaver (Minotaur Fighter)        Turns: 17281, Time: 00:54:42

Health: -5/122     AC:  0    Str: 26 (27) XL:     13   Next: 12%
Magic:  12/12      EV: 19    Int:  5      God:    Okawaru [******]
Gold:   1170       SH:  0    Dex:  7 (9)  Spells: 12/12 levels left

rFire    . . .     SeeInvis .   (weapon currently unavailable)
rCold    . . .     Faith    +   (shield currently unavailable)
rNeg     . . .     Spirit   .   (armour currently unavailable)
rPois    .         Reflect  .   (helmet currently unavailable)
rElec    .         Harm     .   (cloak currently unavailable)
rCorr    .         Rampage  .   (gloves currently unavailable)
MR       .....                  (boots currently unavailable)
Stlth    +.........             y - amulet of faith
HPRegen  0.30/turn              (ring currently unavailable)
MPRegen  0.13/turn              (ring currently unavailable)

@: pig-form, slowed, invisible
A: small, (retaliatory headbutt), deterioration 1
a: Heroism, Finesse, Renounce Religion


You were on level 3 of the Lair of Beasts.
You worshipped Okawaru.
Okawaru was exalted by your worship.
You were a filthy swine.
You visited 4 branches of the dungeon, and saw 16 of its levels.

You collected 1170 gold pieces.

Inventory:

Hand Weapons
 a - a +1 battleaxe of flaming (melded)
 b - a +1 vorpal battleaxe
 s - a +2 double sword of holy wrath
Armour
 i - the +2 pair of gloves of the Iron City of Dis (melded) {Dex+4}
   (Okawaru gifted it to you on level 3 of the Lair of Beasts)

   It affects your dexterity (+4).
 l - a +1 pair of boots (melded)
 u - the +5 ring mail "Vuicw" (melded) {*Drain rC+ rCorr Int+4}
   (You found it on level 5 of the Dungeon)

   It affects your intelligence (+4).
   It protects you from cold.
   It provides partial protection from all sources of acid and corrosion.
   It causes draining when unequipped.
 B - a +1 hat (melded)
Jewellery
 f - an uncursed ring of see invisible
 r - an uncursed amulet of guardian spirit {unknown}
 w - an uncursed ring of protection from cold {unknown}
 x - a +4 ring of evasion (melded)
 y - an amulet of faith (around neck)
 D - an uncursed ring of ice
 E - a +4 ring of protection (melded)
Wands
 h - a wand of polymorph (20)
 t - a wand of enslavement (10)
 A - a wand of flame (33)
 F - a wand of disintegration (7)
Scrolls
 k - 2 scrolls of magic mapping
 m - 16 scrolls of identify
 n - 5 scrolls of blinking
 o - a scroll of brand weapon
 p - 12 scrolls of remove curse
 v - 4 scrolls of teleportation
 G - 2 scrolls of fear
 J - a scroll of holy word
 K - a scroll of enchant armour
Potions
 c - 3 potions of lignification
 d - 3 potions of might
 e - 2 potions of haste
 g - 2 potions of curing
 j - a potion of invisibility
 q - 2 potions of flight
 H - a potion of berserk rage
 L - a potion of resistance


   Skills:
 + Level 13.2 Fighting
 * Level 14.0 Axes
 + Level 13.2 Armour
 + Level 11.8 Dodging
   Level 3.6 Shields


You had 12 spell levels left.
You didn't know any spells.
Your spell library contained the following spells:

 Spells                   Type           Power        Failure   Level
 Animate Skeleton         Necr           #.....       47%         1
 Beastly Appendage        Tmut           #.....       47%         1
 Foxfire                  Conj/Fire      #...         47%         1
 Pain                     Necr           #...         47%         1
 Sandblast                Erth           #.....       47%         1
 Shock                    Conj/Air       #...         47%         1
 Sting                    Tmut/Pois      #...         47%         1
 Passwall                 Tmut/Erth      #.......     63%         2
 Wereblood                Tmut           #.......     63%         2
 Confusing Touch          Hex            #.......     85%         3
 Dazzling Flash           Conj/Hex       #.....       85%         3
 Gell's Gravitas          Tloc           #.........   85%         3
 Spider Form              Tmut/Pois      #.........   85%         3
 Stone Arrow              Conj/Erth      #.....       85%         3
 Vampiric Draining        Necr           #.........   85%         3
 Animate Dead             Necr           #.........   99%         4
 Ice Form                 Ice/Tmut       #.......     99%         4
 Petrify                  Tmut/Erth      #.......     99%         4
 Agony                    Necr           #.......     100%        5
 Blade Hands              Tmut           #.........   100%        5
 Iskenderun's Battlesphe  Conj           #.......     100%        5
 Lee's Rapid Deconstruct  Erth           #.........   100%        5
 Metabolic Englaciation   Hex/Ice        #.........   100%        5
 Yara's Violent Unravell  Hex/Tmut       #.........   100%        5
 Iron Shot                Conj/Erth      #.........   100%        6


Dungeon Overview and Level Annotations

Branches:
Dungeon (10/15)            Temple (1/1) D:7            Lair (4/6) D:10
  Snake (1/4) Lair:2          Orc (0/2) D:10
  Swamp: Lair:2-4    Shoals: Lair:2-4    Spider: Lair:2-4

Altars:
Ashenzari
Cheibriados
Dithmenos
Elyvilon
Fedhas
Gozag
Hepliaklqana
Kikubaaqudgha
Makhleb
Nemelex Xobeh
Okawaru
Qazlal
Ru
Sif Muna
Trog
Uskayaw
Vehumet
Wu Jian
Xom
Yredelemnul
Zin
The Shining One

Shops:
D:5 *   D:8 [

Annotations:
D:7 exclusion: downstairs
D:10 Stash
Lair:4 Kirke
Snake:1 1 runed translucent door


Innate Abilities, Weirdness & Mutations

((You reflexively headbutt those who attack you in melee.))
((You have a pair of horns on your head.))
((Armour fits poorly on your strangely shaped body.))
Your body sometimes deteriorates upon taking damage.


Message History

The hog closely misses you. The hog barely misses you.
The hog barely misses you. The hog bites you. The hog bites you!
* * * LOW HITPOINT WARNING * * *
The hog barely misses you. The hog bites you!
* * * LOW HITPOINT WARNING * * *
The hog bites you!
* * * LOW HITPOINT WARNING * * *
The hog barely misses you. The hog closely misses you.
The hog completely misses you. x2
The hog completely misses you. The hog bites you!
* * * LOW HITPOINT WARNING * * *
You fade into invisibility!
The hog completely misses you. x2; The hog bites you!
You die...

.................................
##.##.####.###.P.###.#..P##..####
P..#..#########..P##.#..####.....
.........................^.......
.#.######.P.P##......#.P.#.####..
.................................
..#..##.###..#.#..P.#...##.......
.............................[...
................h.###....#.......
................hh[..............
#..........#.###.......#...#.#...
##........##..##..........##..###
.................................
...................P#.##.........
.................................
P####.##.##..########.##.##..###.
## #######.## ########.# ##


You could see 2 hogs.

Vanquished Creatures
  A deep elf high priest (D:10)
  4 hydras
  A centaur warrior (D:10)
  A two-headed ogre (D:10)
  Urug (Lair:2)
  A salamander (Lair:2)
  A wolf spider (D:9)
  2 oklob plants (Lair:3)
  6 elephants (Lair:3)
  Joseph (D:7)
  8 cane toads
  2 black mambas
  7 komodo dragons
  A tengu conjurer (D:9)
  3 polar bears
  7 blink frogs
  A centaur simulacrum (D:10)
  2 shadows
  A wraith (D:10)
  2 wyverns
  14 yaks
  3 basilisks
  3 hogs (Lair:4)
  Menkaure (D:7)
  21 water moccasins
  3 swamp worms (Lair:4)
  6 ice beasts
  2 orc warriors
  A sky beast (D:9)
  3 ogres
  An eye of draining (D:9)
  A phantom (D:4)
  3 black bears
  3 necrophages
  9 wolves
  3 centaurs
  A big kobold (D:10)
  2 gnoll sergeants
  15 bullfrogs
  12 scorpions
  A troll zombie (D:10)
  A water moccasin skeleton (D:9)
  A howler monkey (D:4)
  A quasit (D:7)
  A bullfrog zombie (D:5)
  5 hounds
  2 jellies
  3 orc wizards
  4 centaur skeletons
  3 orc priests
  2 bullfrog skeletons
  Natasha (thrice) (D:3)
  6 iguanas
  7 hell rats (Lair:1)
  5 worker ants
  7 ogre zombies (D:10)
  21 gnolls
  16 adders
  2 shadow imps (D:5)
  4 white imps
  2 ufetubi
  An adder zombie (D:7)
  2 adder skeletons
  2 worms
  2 dart slugs
  5 leopard geckos
  17 orcs
  3 ball pythons
  A bat zombie (D:9)
  3 giant cockroaches
  12 goblins
  4 hobgoblins
  6 jackals
  13 kobolds
  3 quokkas
  9 bats
  8 frilled lizards
  A goblin zombie (D:10)
  A hobgoblin skeleton (D:10)
  3 hobgoblin zombies (D:10)
  2 jackal skeletons
  A jackal zombie (D:9)
  A leopard gecko skeleton (D:4)
  A leopard gecko zombie (D:7)
  4 orc skeletons (D:10)
  16 orc zombies (D:10)
  A quokka skeleton (D:9)
  10 rats
  A rat zombie (D:9)
  11 bushes (Lair:2)
401 creatures vanquished.

Vanquished Creatures (collateral kills)
  A black bear (Lair:3)
1 creature vanquished.

Vanquished Creatures (others)
  3 bushes (D:9)
  65 fungi
  96 plants
164 creatures vanquished.

Grand Total: 566 creatures vanquished

Notes
Turn   | Place    | Note
-------+----------+-------------------------------------------
     0 | D:1      | Flubbersnuff the Minotaur Fighter began the quest for the
                  | Orb.
     0 | D:1      | Reached XP level 1. HP: 19/19 MP: 0/0
   133 | D:1      | Reached XP level 2. HP: 26/27 MP: 1/1
   136 | D:1      | Reached skill level 1 in Dodging
   309 | D:1      | Reached skill level 3 in Axes
   443 | D:1      | Reached XP level 3. HP: 31/33 MP: 2/2
   884 | D:2      | Reached XP level 4. HP: 20/41 MP: 3/3
  1240 | D:2      | Reached XP level 5. HP: 40/47 MP: 4/4
  1828 | D:2      | Noticed a moth of wrath
  1831 | D:2      | Found a bloodstained altar of Trog.
  2117 | D:3      | Reached skill level 4 in Axes
  2130 | D:3      | Noticed an ice beast
  2136 | D:3      | Killed an ice beast
  2136 | D:3      | Reached skill level 5 in Fighting
  2136 | D:3      | Reached skill level 5 in Armour
  2136 | D:3      | Reached XP level 6. HP: 39/56 MP: 5/5
  2576 | D:3      | Noticed Natasha
  2581 | D:3      | Killed Natasha
  2720 | D:3      | Noticed Natasha
  2858 | D:3      | Killed Natasha
  2965 | D:3      | Noticed Natasha
  2972 | D:3      | Killed Natasha
  3377 | D:4      | Reached skill level 5 in Axes
  3377 | D:4      | Reached XP level 7. HP: 57/62 MP: 6/6
  4433 | D:5      | Entered Level 5 of the Dungeon
  4441 | D:5      | Reached skill level 6 in Axes
  4441 | D:5      | Reached XP level 8. HP: 54/71 MP: 7/7
  4661 | D:5      | Reached skill level 5 in Dodging
  5182 | D:5      | Found Tuikoa's Mass Market.
  5326 | D:5      | Found a basalt altar of Yredelemnul.
  5625 | D:5      | Got a dazzling ring mail
  5635 | D:5      | Identified the +5 ring mail "Vuicw" {*Drain rC+ rCorr
                  | Int+4} (You found it on level 5 of the Dungeon)
  6201 | D:6      | Reached skill level 7 in Axes
  6587 | D:6      | Reached XP level 9. HP: 80/81 MP: 8/8
  6731 | D:7      | Found a staircase to the Ecumenical Temple.
  6740 | Temple   | Entered the Ecumenical Temple
  6807 | Temple   | Became a worshipper of Warmaster Okawaru
  7050 | D:7      | Noticed Menkaure
  7053 | D:7      | Killed Menkaure
  7189 | D:7      | Noticed Joseph
  7202 | D:7      | Killed Joseph
  7202 | D:7      | Reached * piety under Okawaru
  7202 | D:7      | Reached skill level 8 in Axes
  8030 | D:8      | Found Xoad's Specialty Armours.
  8399 | D:9      | Reached ** piety under Okawaru
  8599 | D:9      | Found a shadowy altar of Dithmenos.
  8599 | D:9      | Found a sacrificial altar of Ru.
  8600 | D:9      | Found a sparkling altar of Nemelex Xobeh.
  8601 | D:9      | Noticed a wolf spider
  8601 | D:9      | Noticed a tengu conjurer
  8612 | D:9      | Found a transporter.
  8671 | D:9      | Found a transporter.
  8767 | D:9      | Found an ancient bone altar of Kikubaaqudgha.
  8808 | D:9      | Reached skill level 9 in Axes
  8808 | D:9      | Reached XP level 10. HP: 84/91 MP: 9/9
  9049 | D:9      | Found a blossoming altar of Fedhas.
  9283 | D:9      | HP: 3/91 [wolf spider (12)]
  9285 | D:9      | Killed a wolf spider
  9285 | D:9      | Reached *** piety under Okawaru
  9698 | D:10     | Entered Level 10 of the Dungeon
  9711 | D:10     | Reached skill level 10 in Fighting
  9711 | D:10     | Reached skill level 10 in Armour
  9782 | D:10     | Reached **** piety under Okawaru
  9784 | D:10     | Noticed a centaur warrior
  9792 | D:10     | Killed a centaur warrior
  9792 | D:10     | Received a gift from Okawaru
  9792 | D:10     | Reached skill level 10 in Axes
 10035 | D:10     | Found a staircase to the Lair.
 10312 | D:10     | Found a staircase to the Orcish Mines.
 10332 | D:10     | Reached ***** piety under Okawaru
 10350 | D:10     | Reached XP level 11. HP: 90/101 MP: 10/10
 10439 | D:10     | Noticed a two-headed ogre
 10452 | D:10     | Killed a two-headed ogre
 10776 | D:10     | Noticed a deep elf high priest
 10790 | D:10     | Killed a deep elf high priest
 11370 | Lair:1   | Entered Level 1 of the Lair of Beasts
 11685 | Lair:1   | Reached skill level 11 in Axes
 12542 | Lair:1   | Identified a scroll of acquirement
 12542 | Lair:1   | Acquired a +1 battleaxe of flaming
 12830 | Lair:1   | Reached skill level 10 in Dodging
 13254 | Lair:1   | Noticed a six-headed hydra
 13265 | Lair:1   | Killed a three-headed hydra
 13265 | Lair:1   | Received a gift from Okawaru
 13265 | Lair:1   | Reached ****** piety under Okawaru
 13847 | Lair:2   | Found a staircase to the Snake Pit.
 13977 | Lair:2   | Noticed a five-headed hydra
 13982 | Lair:2   | Killed a one-headed hydra
 13982 | Lair:2   | Received a gift from Okawaru
 13982 | Lair:2   | Reached XP level 12. HP: 96/112 MP: 11/11
 14140 | Lair:2   | Identified Huaps's Disquisition on Nocuous Attacks
 14206 | Lair:2   | Noticed Urug
 14222 | Lair:2   | Killed Urug
 14222 | Lair:2   | Reached skill level 12 in Axes
 14977 | Snake:1  | Entered Level 1 of the Snake Pit
 14977 | Snake:1  | Found a runed translucent door.
 14977 | Snake:1  | Noticed an anaconda
 15248 | Lair:2   | Gained mutation: Armour fits poorly on your strangely
                  | shaped body. [mutagenic glow]
 15267 | Lair:2   | Gained mutation: Your body sometimes deteriorates upon
                  | taking damage. [mutagenic glow]
 15469 | Lair:3   | Received a gift from Okawaru
 15470 | Lair:3   | Got a pair of bloodstained gloves {god gift}
 15481 | Lair:3   | Identified the +2 pair of gloves of the Iron City of Dis
                  | {Dex+4} (Okawaru gifted it to you on level 3 of the Lair of
                  | Beasts)
 15488 | Lair:3   | Found a burning altar of Makhleb.
 15732 | Lair:3   | Reached skill level 13 in Axes
 16480 | Lair:4   | Noticed a seven-headed hydra
 16497 | Lair:4   | Killed a one-headed hydra
 16682 | Lair:4   | Noticed an eight-headed hydra
 16707 | Lair:4   | Killed a four-headed hydra
 16707 | Lair:4   | Received a gift from Okawaru
 16707 | Lair:4   | Reached XP level 13. HP: 82/122 MP: 12/12
 16861 | Lair:4   | Reached skill level 14 in Axes
 17103 | Lair:4   | Noticed Kirke
 17281 | Lair:3   | Slain by a hog

Illustrated notes

Levels and vault maps discovered:
D:1:      minmay_arrival_checkered_box, layout_basic, hangedman_decor_points,
          minmay_tetromino_i2
D:2:      layout_basic, grunt_ministairs_4, tgw_trog
D:3:      layout_basic, minmay_fractal_squares_diagonal_5, uniq_natasha
D:4:      layout_loops_corners, minmay_misc_feat_enclosed, minmay_checkerbox
D:5:      layout_layer_cave, kennysheep_mini_moat, minmay_shop_mass
D:6:      layout_rooms, roderic_lattice_a, minmay_quadrilaterals
D:7:      layout_rooms, minmay_temple_entry_glass, uniq_joseph, uniq_menkaure
D:8:      layout_basic, nicolae_barding_shop
D:9:      layout_basic, fedhas_altar_decomposition,
          gammafunk_temple_overflow_arena, lemuel_zombie_altar_kikubaaqudgha
D:10:     layout_loops_ring, due_lair_maze_entry_diamond, zombieorc2_lemuel,
          minmay_three_doors
Temple:   regret_index_temple_sphere_string
Lair:1:   layout_hall_layers
Lair:2:   layout_loops_ring, minmay_snake_entry_six_corridors,
          minmay_hedge_maze, serial_bayou_pond_c, uniq_urug
Lair:3:   layout_long_grid, basic_altar, st_stairs_6, minmay_lair_oklob_chamber,
          grunt_megastairs_2
Lair:4:   layout_layer_cave, palyth_hydra_swamp_entry, uniq_kirke
Snake:1:  layout_misc_corridors, ebering_ghost_reflecting_pool,
          grunt_ministairs_11, st_stairs_12, minmay_shop_grove,
          grunt_megastairs_4, serial_bayou_shore_a, serial_bayou_shore_b

Skill      XL: |  1  2  3  4  5  6  7  8  9 10 11 12 13 |
---------------+----------------------------------------+-----
Fighting       | 4 5 6 7 9 10 12 13 | 13.2
Dodging        | 1 2 3 4 6 7 9 10 11 | 11.8
Armour         | 4 5 6 7 9 10 12 13 | 13.2
Axes           | 3 4 5 6 7 9 10 11 13 14 | 14.0
Shields        | |  3.6

Action                   |  1- 3 |  4- 6 |  7- 9 | 10-12 | 13-15 || total
-------------------------+-------+-------+-------+-------+-------++-------
Melee: War axe           |    68 |   129 |   250 |    23 |       ||   470
       Headbutt          |     8 |    20 |    54 |   161 |     9 ||   252
       Battleaxe         |       |       |       |   590 |    29 ||   619
       Unarmed           |       |       |       |       |    12 ||    12
Evoke: Wand              |       |       |       |     6 |       ||     6
  Use: Scroll            |       |     7 |     6 |    15 |       ||    28
       Potion            |       |       |       |     9 |     2 ||    11
Armor: Scale mail        |    35 |    72 |    34 |       |       ||   141
       Ring mail         |       |       |    71 |   231 |    10 ||   312
Dodge: Dodged            |    34 |    74 |   180 |   512 |    61 ||   861

Table legend: (Time is in decaauts)
 A = Elapsed time spent in this place.
 B = Non-inter-level travel time spent in this place.
 C = Inter-level travel time spent in this place.
 D = Time resting spent in this place.
 E = Time spent auto-exploring this place.
 F = Levels seen in this place.
 G = Mean time per level.
                   A        B        C        D        E       F      G
               +--------+--------+--------+--------+--------+-----+--------+
         Total |  17481 |  16231 |   1250 |   5353 |   7559 |  16 | 1092.6 |
       Dungeon |  12647 |  11655 |    992 |   3507 |   5856 |  10 | 1264.7 |
        Temple |    189 |    161 |     28 |      0 |    133 |   1 |  189.0 |
          Lair |   4642 |   4412 |    230 |   1846 |   1570 |   4 | 1160.5 |
     Snake Pit |      1 |      1 |      0 |      0 |      0 |   1 |    1.0 |
               +--------+--------+--------+--------+--------+-----+--------+

Top non-repeatable levels by time:
    D:10: 2600 daAuts
     D:9: 1754 daAuts
  Lair:2: 1601 daAuts
     D:3: 1467 daAuts
     D:5: 1443 daAuts
     D:2: 1265 daAuts
  Lair:1: 1135 daAuts
     D:4: 1069 daAuts
  Lair:3: 970 daAuts
  Lair:4: 935 daAuts
     D:1: 861 daAuts
     D:8: 823 daAuts
     D:6: 725 daAuts
     D:7: 636 daAuts
  Temple: 189 daAuts
